 Dungeon Crawl Stone Soup version 0.23-a0-208-gb6b040f (webtiles) character file.

60 Felrender the Covered (level 3, -9/29 HPs)
             Began as a Demonspawn Fighter on Sept 24, 2018.
             Was an Initiate of Okawaru.
             Mangled by a goblin
             ... wielding a +2 dagger of electrocution
              (20 damage)
             ... on level 2 of the Dungeon.
             The game lasted 00:04:20 (1794 turns).

Felrender the Covered (Demonspawn Fighter)          Turns: 1794, Time: 00:04:20

Health: -9/29      AC: 12    Str: 17    XL:     3   Next: 80%
Magic:  12/12      EV:  4    Int:  9    God:    Okawaru [......]
Gold:   85         SH:  9    Dex: 12    Spells: 2/2 levels left

rFire    + . .     SeeInvis .   a - +0 long sword
rCold    . . .     Gourm    .   c - +0 shield
rNeg     . . .     Faith    .   j - +0 chain mail
rPois    .         Spirit   .   h - +0 helmet
rElec    .         Reflect  .   (no cloak)
rCorr    .         Harm     .   (no gloves)
MR       .....                  (no boots)
Stlth    ..........             (no amulet)
HPRegen  0.09/turn              i - ring of magical power
MPRegen  0.13/turn              (no ring)

@: no status effects
A: thin metallic scales 1, fire resistance 1
a: Renounce Religion


You were on level 2 of the Dungeon.
You worshipped Okawaru.
Okawaru was noncommittal.
You were not hungry.

You visited 1 branch of the dungeon, and saw 2 of its levels.

You collected 85 gold pieces.

Inventory:

Hand Weapons
 a - a +0 long sword (weapon)
Missiles
 e - 12 sling bullets
 g - 3 javelins (quivered)
Armour
 b - a +0 scale mail
 c - a +0 shield (worn)
 h - a +0 helmet (worn)
 j - a +0 chain mail (worn)
Jewellery
 i - a ring of magical power (left hand)
 o - an uncursed ring of ice {unknown}
Scrolls
 k - a scroll of identify
Potions
 d - a potion of might
 l - a potion of lignification
 n - a potion of heal wounds {unknown}
Comestibles
 f - 3 rations


   Skills:
 + Level 3.4 Fighting
 + Level 2.2 Long Blades
 + Level 3.4 Armour
 + Level 0.7 Dodging
 + Level 3.0 Shields


You had 2 spell levels left.
You didn't know any spells.
Your spell library was empty.

Dungeon Overview and Level Annotations

Branches:
Dungeon (2/15)

Altars:
Okawaru
Wu Jian


Innate Abilities, Weirdness & Mutations

You are partially covered in thin metallic scales. (AC +2)
Your flesh is heat resistant. (rF+)


Message History

Okawaru accepts your kill.
Found an escape hatch in the ceiling.
You see here a club.
Found a stone staircase leading down.
Found 11 bolts.
f - 3 rations (gained 1)
There is a stone staircase leading down here. 2 goblins come into view.
A goblin is wielding a dagger of electrocution.
The goblin shouts! x2
There are monsters nearby!
You closely miss the goblin. The goblin hits you but does no damage.
You closely miss the goblin. The goblin hits you but does no damage.
You are electrocuted!
Ouch! That really hurt!
You block the goblin's attack.
Your shield and chain mail prevent you from hitting the goblin.
The goblin hits you but does no damage. x3; You are electrocuted!
Ouch! That really hurt!
You die...

..........[...#####..........####
..#........#....####..........#..
...........#..#..# #.............
...#.......#..##.###.............
...#.......##.##.##..............
...#####.####.##..#.#............
...#####.####....................
........................)........
...#####.###....@####........#.<.
...# #.# #...gg# #........##..
...# #.##......# #.<......####
...# ........... #........# #
.### ##......... ########## # ##
.........# ###### # ..........
...... .........# ######


You could see 2 goblins.

Vanquished Creatures
  An adder (D:2)
  An ooze (D:1)
  2 worms (D:2)
  2 dart slugs (D:1)
  2 leopard geckos
  2 giant cockroaches (D:1)
  7 hobgoblins
  3 jackals (D:1)
  A ball python (D:2)
  4 bats (D:1)
  3 frilled lizards
  3 kobolds (D:1)
  6 rats
37 creatures vanquished.

Notes
Turn   | Place    | Note
-------+----------+-------------------------------------------
     0 | D:1      | Felrender the Demonspawn Fighter began the quest for the
                  | Orb.
     0 | D:1      | Reached XP level 1. HP: 18/18 MP: 1/1
   506 | D:1      | Gained mutation: Your flesh is heat resistant. (rF+)
                  | [demonic ancestry]
   506 | D:1      | Reached XP level 2. HP: 24/24 MP: 2/2
   945 | D:1      | Gained mutation: You are partially covered in thin metallic
                  | scales. (AC +2) [demonic ancestry]
   945 | D:1      | Reached XP level 3. HP: 27/29 MP: 3/3
  1281 | D:2      | Found an ornate altar of the Wu Jian Council.
  1286 | D:2      | Found an iron altar of Okawaru.
  1294 | D:2      | Became a worshipper of Warmaster Okawaru
  1794 | D:2      | Mangled by a goblin

Vault maps used:
D:1:      lightli_arrival_lavapool
D:2:      gammafunk_temple_overflow_elements, grunt_temple_overflow_open,
          minmay_misc_feat_cross, minmay_tromino_v4_c

Skill      XL: |  1  2 |
---------------+-------+-----
Long Blades    | 2 |  2.2
Armour         | 3 |  3.4
Shields        | 3 |  3.0
Fighting       | |  3.4
Dodging        | |  0.7

Action                   || total
-------------------------++-------
Melee: Long sword        ||   153
  Use: Scroll            ||     5
  Eat: Chunk             ||     3
Armor: Scale mail        ||    62
       Chain mail        ||    25
Dodge: Dodged            ||    31
Block: Shield            ||    73
       Rpst.: Long sword ||    10

Table legend:
 A = Non-vault XP
 B = Vault XP
 C = Vault XP percentage of total XP
 D = Non-vault monster count
 E = Vault monster count
 F = Vault count percentage of total count
                 A         B        C        D         E       F
            +---------+---------+-------+---------+---------+-------
      Total |      83 |       3 |   3.5 |      35 |       2 |   5.4
            +---------+---------+-------+---------+---------+-------
        D:1 |      50 |       0 |   0.0 |      26 |       0 |   0.0
        D:2 |      33 |       3 |   8.3 |       9 |       2 |  18.2
            +---------+---------+-------+---------+---------+-------
